Map: Acid Plant LE

Players

RiSky - Winner!

  • Race: Zerg Zerg
  • League: Master
  • Spawn Location: 5:00

eonblu

  • Race: Zerg Zerg
  • League: Grandmaster
  • Spawn Location: 11:00

Event: HomeStory Cup XVII

VOD

Have the link to the VOD?

Description

Time

  • Played on: June 28, 2018, 9:07 a.m.
  • Length: 15:21

All games in this series

Show
View Real Time Build Order
Export as new Build Order

RiSky Zerg - Winner!

Build Orders: Hatch First, Lurkers 

Get SALT Encoding   

  12  0:00  Drone  
  13  0:12  Overlord  
  13  0:16  Drone  
  14  0:30  Drone x2  
  14  0:33  Drone  
  17  0:50  Hatchery  
  17  0:54  Drone  
  17  0:57  Drone  
  17  1:04  Extractor  
  17  1:12  Spawning Pool  
  17  1:15  Drone  
  18  1:18  Drone  
  18  1:27  Drone  
  19  1:37  Overlord  
  19  1:49  Drone  
  20  1:58  Queen  
  20  1:59  Zergling x2  
  23  2:01  Queen  
  23  2:02  Zergling x2  
  23  2:05  Metabolic Boost  
  26  2:10  Drone  
  26  2:13  Drone  
  28  2:21  Drone  
  29  2:23  Drone  
  30  2:31  Zergling x2  
  31  2:37  Hatchery  
  31  2:38  Zergling x2  
  31  2:46  Overlord  
  31  2:48  Drone  
  32  2:54  Drone  
  32  2:55  Baneling Nest  
  32  2:56  Drone  
  32  3:07  Drone  
  32  3:09  Drone, Evolution Chamber  
  34  3:13  Zergling x6  
  34  3:15  Zergling x6  
  34  3:19  Overlord  
  40  3:24  Drone  
  41  3:28  Drone  
  41  3:29  Drone  
  41  3:32  Baneling Nest  
  42  3:37  Drone  
  42  3:40  Queen  
  45  3:43  Drone  
  45  3:44  Drone  
  45  3:48  Overlord  
  46  3:51  Drone  
  48  3:55  Drone  
  48  3:56  Overlord  
  45  4:02  Drone  
  45  4:06  Zerg Missile Weapons Level 1  
  45  4:07  Drone  
  45  4:08  Overlord  
  43  4:10  Zergling x4  
  43  4:13  Zergling x2  
  43  4:14  Zergling x2  
  47  4:17  Zergling x2  
  47  4:20  Zergling x4  
  47  4:23  Zergling x4  
  52  4:26  Drone  
  52  4:28  Extractor, Drone  
  52  4:29  Extractor, Drone  
  52  4:31  Baneling x2  
  53  4:32  Drone  
  53  4:36  Baneling x2  
  54  4:39  Drone  
  54  4:43  Drone  
  54  4:44  Overlord  
  56  4:46  Drone  
  56  4:47  Drone  
  56  4:50  Drone x2  
  61  4:52  Drone  
  61  4:54  Overlord  
  61  4:56  Baneling x2  
  61  4:57  Drone  
  61  4:58  Drone  
  63  5:04  Roach Warren  
  63  5:05  Drone  
  63  5:06  Drone  
  64  5:09  Drone  
  64  5:15  Baneling  
  64  5:18  Zergling x6  
  68  5:21  Drone  
  68  5:23  Lair  
  68  5:25  Drone x3  
  68  5:26  Drone  
  72  5:32  Drone  
  72  5:34  Overlord  
  72  5:36  Queen  
  72  5:37  Drone  
  75  5:44  Roach x2  
  75  5:46  Roach  
  75  5:47  Roach x2  
  85  5:51  Drone  
  85  5:54  Drone  
  85  5:55  Drone  
  88  5:58  Roach x5  
  98  6:05  Spine Crawler, Roach  
  98  6:08  Spine Crawler, Roach  
  98  6:10  Spine Crawler  
  99  6:11  Roach  
  99  6:12  Roach  
  99  6:18  Spine Crawler, Roach  
  105  6:23  Roach  
  105  6:25  Baneling  
  105  6:26  Baneling  
  105  6:27  Overlord  
  105  6:29  Overlord  
  105  6:32  Spine Crawler x2  
  104  6:35  Roach  
  105  6:45  Overseer  
  105  6:46  Overlord  
  103  6:48  Roach x8  
  103  6:49  Roach  
  103  6:52  Overlord  
  115  6:54  Roach x2  
  115  7:01  Roach  
  114  7:05  Roach  
  114  7:07  Roach  
  114  7:12  Roach  
  114  7:14  Drone x4  
  121  7:15  Drone x2  
  121  7:16  Drone  
  121  7:22  Drone  
  122  7:23  Drone  
  122  7:24  Extractor  
  122  7:26  Drone  
  122  7:27  Extractor  
  124  7:30  Glial Reconstitution  
  124  7:33  Drone x2  
  124  7:35  Overlord  
  124  7:49  Drone  
  124  7:50  Drone x2  
  122  7:53  Roach x2  
  122  7:57  Roach  
  120  8:03  Zerg Missile Weapons Level 2  
  120  8:05  Roach  
  120  8:07  Drone x2  
  120  8:12  Roach  
  116  8:16  Drone x2  
  116  8:18  Drone  
  119  8:22  Drone x4  
  119  8:25  Drone  
  124  8:28  Drone  
  124  8:30  Queen, Ravager  
  124  8:33  Drone  
  128  8:34  Hatchery  
  128  8:36  Drone  
  128  8:37  Drone  
  129  8:43  Drone  
  129  8:46  Hydralisk Den  
  129  8:47  Drone  
  129  8:48  Overseer  
  130  8:49  Pneumatized Carapace  
  130  8:52  Drone  
  130  8:55  Drone  
  132  8:56  Ravager  
  132  8:57  Ravager x2  
  132  9:01  Roach x2  
  132  9:02  Roach  
  141  9:06  Roach x2  
  145  9:10  Overlord x2  
  145  9:14  Overlord  
  145  9:17  Overlord  
  145  9:24  Lurker Den  
  145  9:25  Extractor  
  145  9:27  Roach  
  145  9:28  Overlord x2  
  145  9:31  Roach  
  145  9:32  Roach x3  
  145  9:35  Roach  
  145  9:38  Drone x2  
  157  9:42  Roach  
  159  9:51  Roach x4  
  167  9:57  Drone x2  
  167  9:58  Drone x5  
  167  9:59  Drone  
  175  10:15  Drone  
  175  10:16  Hydralisk x4  
  184  10:21  Zerg Ground Armor Level 1  
  184  10:22  Roach x3  
  184  10:26  Roach  
  184  10:27  Roach x2  
  196  10:31  Ravager x3  
  196  10:32  Ravager  
  200  10:38  Extractor x2  
  198  10:49  Drone  
  192  10:50  Drone x8  
  200  10:57  Infestation Pit  
  199  11:08  Lurker  
  200  11:14  Spine Crawler  
  200  11:16  Spine Crawler, Lurker x2  
  192  11:36  Hydralisk x2  
  192  11:37  Hydralisk, Hive  
  198  11:53  Hydralisk x7  
  188  12:04  Grooved Spines  
  180  12:12  Lurker x4  
  180  12:15  Roach  
  180  12:16  Roach x8  
  180  12:18  Roach  
  180  12:19  Roach x2  
  197  12:38  Roach x2  
  197  12:54  Viper x2  
  195  13:05  Viper  
  195  13:06  Viper  
  195  13:15  Muscular Augments  
  185  13:22  Evolution Chamber  
  185  13:26  Hydralisk x9  
  200  13:37  Hydralisk  
  191  13:50  Adaptive Talons  
  188  13:57  Hydralisk x3  
  188  13:58  Hydralisk  
  192  14:04  Lurker x4  
  196  14:15  Hatchery  
  195  14:30  Spine Crawler  
  195  14:31  Extractor, Hydralisk x3  
  194  14:33  Spine Crawler  
  194  14:48  Hydralisk x3  
  198  14:54  Overseer  
  186  15:14  Extractor  
Show
View Real Time Build Order
Export as new Build Order

eonblu Zerg 

Build Orders: Hatch First, Lurkers 

Get SALT Encoding   

  12  0:00  Drone  
  13  0:12  Overlord  
  13  0:17  Drone  
  14  0:30  Drone  
  14  0:31  Drone  
  16  0:48  Hatchery  
  15  0:52  Drone  
  15  0:55  Drone  
  17  1:07  Extractor  
  16  1:11  Spawning Pool  
  16  1:14  Drone  
  16  1:17  Drone  
  17  1:21  Drone  
  18  1:27  Drone  
  19  1:39  Overlord  
  19  1:58  Zergling x2, Queen  
  19  2:00  Zergling x2, Queen  
  19  2:01  Zergling x2  
  26  2:06  Evolution Chamber  
  25  2:11  Drone  
  25  2:14  Drone  
  27  2:22  Drone x2  
  29  2:31  Zerg Ground Armor Level 1  
  29  2:33  Drone  
  29  2:36  Drone  
  31  2:44  Queen  
  31  2:50  Overlord  
  33  3:05  Drone  
  34  3:08  Metabolic Boost, Drone  
  34  3:10  Drone x2  
  36  3:15  Zergling x2  
  36  3:18  Drone x3  
  39  3:30  Baneling Nest, Zergling x4  
  39  3:36  Zergling x4  
  40  3:52  Zergling x8  
  37  4:03  Drone x3  
  37  4:04  Drone x2  
  37  4:08  Hatchery  
  39  4:11  Zergling x2  
  39  4:14  Baneling x2  
  40  4:17  Zergling x2  
  40  4:18  Zergling x6  
  44  4:27  Overlord  
  44  4:36  Zerg Missile Weapons Level 1  
  44  4:46  Drone x6  
  44  4:47  Drone  
  44  4:49  Extractor, Drone  
  44  4:50  Roach Warren  
  44  4:51  Drone  
  51  4:53  Drone  
  51  4:57  Overlord  
  52  5:05  Zergling x2  
  52  5:10  Extractor  
  50  5:18  Drone x2  
  50  5:19  Drone  
  50  5:20  Queen  
  55  5:21  Overlord x2  
  53  5:38  Roach x6  
  53  5:41  Overlord  
  65  5:44  Roach x3  
  65  5:49  Roach  
  73  5:50  Roach  
  73  5:55  Roach x2  
  79  6:00  Roach x2  
  83  6:13  Roach  
  83  6:14  Roach x2  
  83  6:15  Overlord x2  
  89  6:21  Baneling x7  
  89  6:34  Zergling x16  
  97  6:43  Zergling x2  
  97  6:44  Zergling x4  
  95  6:53  Zergling x18  
  97  7:02  Zergling x2  
  97  7:03  Zergling x6  
  98  7:12  Roach x3  
  98  7:13  Lair  
  97  7:19  Baneling  
  97  7:20  Baneling  
  97  7:25  Drone x5  
  97  7:29  Queen  
  104  7:30  Drone  
  104  7:31  Drone  
  106  7:37  Overlord  
  105  7:44  Drone  
  105  7:48  Drone x3  
  105  7:56  Overlord x2  
  103  8:07  Roach  
  103  8:08  Roach x4  
  111  8:16  Glial Reconstitution  
  109  8:20  Extractor, Roach  
  109  8:21  Extractor, Roach x8  
  124  8:33  Overlord  
  124  8:34  Drone x2  
  124  8:37  Drone  
  124  8:40  Drone  
  128  8:44  Drone x2  
  128  8:45  Overlord x2  
  130  8:58  Drone  
  130  9:00  Hydralisk Den, Extractor, Zerg Missile Weapons Level 2  
  129  9:03  Roach x2  
  129  9:04  Unknown  
  133  9:13  Hatchery  
  132  9:27  Drone x2  
  132  9:28  Drone  
  135  9:35  Lurker Den  
  135  9:36  Overlord x2, Drone  
  135  9:37  Overlord  
  135  9:38  Roach x6  
  147  9:54  Overlord x2  
  147  10:01  Hydralisk x4  
  147  10:02  Hydralisk x4  
  163  10:14  Overlord  
  163  10:19  Unknown  
  163  10:28  Hydralisk x2  
  155  10:55  Roach x7  
  169  11:01  Lurker x3  
  169  11:02  Lurker x7  
  179  11:07  Overlord  
  179  11:08  Roach x9  
  179  11:09  Roach  
  199  11:14  Overseer  
  199  11:15  Overseer  
  195  11:20  Unknown x2  
  195  11:21  Roach x2  
  199  11:31  Unknown  
  194  11:35  Roach  
  194  11:36  Roach x2  
  200  11:45  Overlord x2  
  186  11:57  Roach x10  
  196  12:03  Drone x2  
  196  12:04  Infestation Pit, Drone x4  
  195  12:09  Drone x4  
  195  12:10  Drone  
  196  12:35  Spire  
  185  12:44  Hive  
  185  12:47  Extractor x2  
  185  12:50  Roach x7  
  185  12:51  Roach x3  
  192  13:12  Pneumatized Carapace  
  135  13:42  Roach x10  
  131  13:59  Hydralisk x5  
  131  14:02  Roach x10  
  142  14:26  Lurker x5  
  144  14:32  Roach x10  
  144  14:34  Ravager x7  
  173  14:39  Roach  
  173  14:42  Unknown  
  173  14:43  Unknown x2  
  173  14:47  Corruptor x2  
  160  15:02  Overlord  
Tags
 
Add a new tag
Caveats
  • Supply blocks, unpowered buildings, or Contaminate may cause inaccurate times.
  • Supply counts are checked every 10 seconds.